TOP OF THE 1ST |
Boston Rebels batting - Pitching for Irvine Gang Green : LHP Keith Swanson
|
Pitching: LHP Keith Swanson
|
|
Batting: LHB Tony Ramírez
|
0-0: Swinging Strike 0-1: Called Strike 0-2: Strikes out swinging
|
Batting: LHB Jeff Gordon
|
0-0: Foul Ball, location: 2F 0-1: Ball 1-1: Ground out 5-3 (Groundball, 56)
|
Batting: RHB Roberto Chávez
|
0-0: Called Strike 0-1: Ground out 5-3 (Groundball, 5)
|
Top of the 1st over - 0 run(s), 0 hit(s), 0 error(s), 0 left on base; Boston 0 - Irvine 0 |
BOTTOM OF THE 1ST |
Irvine Gang Green batting - Pitching for Boston Rebels : LHP José Hidalgo
|
Pitching: LHP José Hidalgo
|
|
Batting: LHB Tom Baker
|
0-0: Foul Ball, location: 2F 0-1: Ball 1-1: Ball 2-1: Swinging Strike 2-2: Ground out 1-3 (Groundball, 15)
|
Batting: RHB Buck Jones
|
0-0: Ball 1-0: Foul Ball, location: 2F 1-1: Foul Ball, location: 2F 1-2: DOUBLE (Line Drive, 7D)
|
Batting: LHB Jorge Martínez
|
0-0: Ball 1-0: Foul Ball, location: 2F 1-1: Ball 2-1: Called Strike 2-2: Strikes out swinging
|
Batting: RHB Manny Copriviza
|
0-0: Ground out 5-3 (Groundball, 56)
|
Bottom of the 1st over - 0 run(s), 1 hit(s), 0 error(s), 1 left on base; Boston 0 - Irvine 0 |
TOP OF THE 2ND |
Boston Rebels batting - Pitching for Irvine Gang Green : LHP Keith Swanson
|
Batting: LHB Lorenzo Flores
|
0-0: Ball 1-0: Ball 2-0: Called Strike 2-1: Foul Ball, location: 2F 2-2: Ball 3-2: Strikes out looking
|
Batting: SHB Javier Villegas
|
0-0: Foul Ball, location: 2F 0-1: Ball 1-1: Foul Ball, location: 2F 1-2: Strikes out swinging
|
Batting: LHB Felipe Guerrero
|
0-0: Ball 1-0: Foul Ball, location: 2F 1-1: Called Strike 1-2: Fly out, F7 (Flyball, 7M)
|
Top of the 2nd over - 0 run(s), 0 hit(s), 0 error(s), 0 left on base; Boston 0 - Irvine 0 |
BOTTOM OF THE 2ND |
Irvine Gang Green batting - Pitching for Boston Rebels : LHP José Hidalgo
|
Batting: LHB Víctor Quiñones
|
0-0: Swinging Strike 0-1: Foul Ball, location: 2F 0-2: Ball 1-2: Foul Ball, location: 2F 1-2: Ball 2-2: Ground out 4-3 (Groundball, 4)
|
Batting: LHB Leonardo Medina
|
0-0: Foul Ball, location: 2F 0-1: SINGLE (Groundball, 4MD) (infield hit)
|
Batting: RHB Tom Doherty
|
0-0: Ball 1-0: Foul Ball, location: 2F 1-1: Called Strike 1-2: SINGLE (Line Drive, 6MD) Leonardo Medina to second
|
Batting: RHB José Salazar
|
0-0: Ball 1-0: Ball 2-0: Foul Ball, location: 2F 2-1: Fly out, F7 (Line Drive, 78M)
|
Batting: RHB Aaron Wilson
|
0-0: Swinging Strike 0-1: Foul Ball, location: 2F 0-2: Ball 1-2: Strikes out swinging
|
Bottom of the 2nd over - 0 run(s), 2 hit(s), 0 error(s), 2 left on base; Boston 0 - Irvine 0 |
TOP OF THE 3RD |
Boston Rebels batting - Pitching for Irvine Gang Green : LHP Keith Swanson
|
Batting: RHB Clancy Booker
|
0-0: SINGLE (Line Drive, 6M)
|
Batting: RHB Felipe Olivas
|
0-0: Ball 1-0: Ball 2-0: Called Strike 2-1: Called Strike 2-2: Foul Ball, location: 2F 2-2: Grounds into double play, 6-4-3 (Groundball, 6)
|
Batting: RHB Rubén Matos
|
0-0: Swinging Strike 0-1: Swinging Strike 0-2: Ball 1-2: Foul Ball, location: 2F 1-2: Strikes out looking
|
Top of the 3rd over - 0 run(s), 1 hit(s), 0 error(s), 0 left on base; Boston 0 - Irvine 0 |
BOTTOM OF THE 3RD |
Irvine Gang Green batting - Pitching for Boston Rebels : LHP José Hidalgo
|
Batting: LHB Tom Baker
|
0-0: Ball 1-0: Called Strike 1-1: Foul Ball, location: 2F 1-2: Ball 2-2: Ball 3-2: Foul Ball, location: 2F 3-2: SINGLE (Line Drive, 56D)
|
Batting: RHB Buck Jones
|
0-0: Foul Ball, location: 2F 0-1: Swinging Strike 0-2: Foul Ball, location: 2F 0-2: Ball 1-2: Grounds into double play, 6-4-3 (Groundball, 6)
|
Batting: LHB Jorge Martínez
|
0-0: Ball 1-0: Ball 2-0: Called Strike 2-1: Ball 3-1: Base on Balls
|
Batting: RHB Manny Copriviza
|
0-0: Ball 1-0: Ball 2-0: Ball 3-0: Called Strike 3-1: Fly out, F9 (Flyball, 9M)
|
Bottom of the 3rd over - 0 run(s), 1 hit(s), 0 error(s), 1 left on base; Boston 0 - Irvine 0 |
TOP OF THE 4TH |
Boston Rebels batting - Pitching for Irvine Gang Green : LHP Keith Swanson
|
Batting: LHB Tony Ramírez
|
0-0: Ground out 5-3 (Groundball, 5)
|
Batting: LHB Jeff Gordon
|
0-0: Ball 1-0: Foul Ball, location: 2F 1-1: Called Strike 1-2: Foul Ball, location: 2F 1-2: Strikes out swinging
|
Batting: RHB Roberto Chávez
|
0-0: Called Strike 0-1: Ball 1-1: Foul Ball, location: 2F 1-2: Ground out 5-3 (Groundball, 5)
|
Top of the 4th over - 0 run(s), 0 hit(s), 0 error(s), 0 left on base; Boston 0 - Irvine 0 |
BOTTOM OF THE 4TH |
Irvine Gang Green batting - Pitching for Boston Rebels : LHP José Hidalgo
|
Batting: LHB Víctor Quiñones
|
0-0: Ball 1-0: Ball 2-0: Called Strike 2-1: Called Strike 2-2: Strikes out swinging
|
Batting: LHB Leonardo Medina
|
0-0: Called Strike 0-1: Ball 1-1: Ball 2-1: Fly out, F8 (Flyball, 8RS)
|
Batting: RHB Tom Doherty
|
0-0: Swinging Strike 0-1: Foul Ball, location: 2F 0-2: Ball 1-2: Ball 2-2: Ball 3-2: Fly out, F8 (Line Drive, 8RXD)
|
Bottom of the 4th over - 0 run(s), 0 hit(s), 0 error(s), 0 left on base; Boston 0 - Irvine 0 |
TOP OF THE 5TH |
Boston Rebels batting - Pitching for Irvine Gang Green : LHP Keith Swanson
|
Batting: LHB Lorenzo Flores
|
0-0: Ball 1-0: Ball 2-0: Foul Ball, location: 2F 2-1: DOUBLE (Line Drive, 3D)
|
Batting: SHB Javier Villegas
|
0-0: Foul Ball, location: 2F 0-1: Ball 1-1: Swinging Strike 1-2: Strikes out looking
|
Batting: LHB Felipe Guerrero
|
0-0: Called Strike 0-1: Ball 1-1: 2-RUN HOME RUN (Flyball, 9D), Distance : 425 ft
|
Batting: RHB Clancy Booker
|
0-0: Called Strike 0-1: Ball 1-1: Fly out, F8 (Flyball, 8RD)
|
Batting: RHB Felipe Olivas
|
0-0: Called Strike 0-1: Ball 1-1: Called Strike 1-2: Ball 2-2: Ball 3-2: Strikes out looking
|
Top of the 5th over - 2 run(s), 2 hit(s), 0 error(s), 0 left on base; Boston 2 - Irvine 0 |
BOTTOM OF THE 5TH |
Irvine Gang Green batting - Pitching for Boston Rebels : LHP José Hidalgo
|
Batting: RHB José Salazar
|
0-0: Ground out 6-3 (Groundball, 56)
|
Batting: RHB Aaron Wilson
|
0-0: Foul Ball, location: 2F 0-1: Ball 1-1: Called Strike 1-2: SINGLE (Groundball, 4M)
|
Batting: LHB Tom Baker
|
0-0: Ball 1-0: Foul Ball, location: 2F 1-1: Fielders Choice at 2nd, 4-6 (Groundball, 34)
|
Batting: RHB Buck Jones
|
0-0: Called Strike 0-1: Fly out, F3 (Popup, 9LSF)
|
Bottom of the 5th over - 0 run(s), 1 hit(s), 0 error(s), 1 left on base; Boston 2 - Irvine 0 |
TOP OF THE 6TH |
Boston Rebels batting - Pitching for Irvine Gang Green : LHP Keith Swanson
|
Batting: RHB Rubén Matos
|
0-0: Called Strike 0-1: Foul Ball, location: 2F 0-2: Ball 1-2: Ball 2-2: Foul Ball, location: 2F 2-2: Ball 3-2: Base on Balls
|
Batting: LHB Tony Ramírez
|
0-0: Ball 1-0: Ball 2-0: Ball 3-0: Called Strike 3-1: Base on Balls Rubén Matos to second
|
Batting: LHB Jeff Gordon
|
0-0: Ball 1-0: SINGLE (Groundball, 34) Rubén Matos to third Tony Ramírez to second
|
Batting: RHB Roberto Chávez
|
0-0: Ball 1-0: Swinging Strike 1-1: Ball 2-1: Foul Ball, location: 2F 2-2: Strikes out swinging
|
Batting: LHB Lorenzo Flores
|
0-0: Ball 1-0: Ball 2-0: Called Strike 2-1: Ball 3-1: Swinging Strike 3-2: Ground out 3-1 (Groundball, 34) Rubén Matos scores Tony Ramírez to third Jeff Gordon to second
|
Batting: SHB Javier Villegas
|
0-0: Ball 1-0: Called Strike 1-1: Foul Ball, location: 2F 1-2: Ball 2-2: Ball 3-2: Base on Balls
|
Batting: LHB Felipe Guerrero
|
0-0: Foul Ball, location: 2F 0-1: Called Strike 0-2: Ball 1-2: Ball 2-2: Strikes out swinging
|
Top of the 6th over - 1 run(s), 1 hit(s), 0 error(s), 3 left on base; Boston 3 - Irvine 0 |
BOTTOM OF THE 6TH |
Irvine Gang Green batting - Pitching for Boston Rebels : LHP José Hidalgo
|
Batting: LHB Jorge Martínez
|
0-0: Foul Ball, location: 2F 0-1: Ball 1-1: DOUBLE (Flyball, 9D)
|
Batting: RHB Manny Copriviza
|
0-0: Ball 1-0: Fly out, F8 (Flyball, 8RM)
|
Batting: LHB Víctor Quiñones
|
0-0: Ball 1-0: Ball 2-0: Ball 3-0: Foul Ball, location: 2F 3-1: Base on Balls
|
Batting: LHB Leonardo Medina
|
0-0: Ball 1-0: Ball 2-0: Foul Ball, location: 2F 2-1: Foul Ball, location: 2F 2-2: Strikes out swinging
|
Batting: RHB Tom Doherty
|
0-0: SINGLE (Line Drive, 78S) Jorge Martínez to third Víctor Quiñones to second Runner from 3rd tries for Home, SAFE, throw made home
|
Batting: RHB José Salazar
|
0-0: Called Strike 0-1: Called Strike 0-2: Ball 1-2: Ground out 6-3 (Groundball, 6)
|
Bottom of the 6th over - 1 run(s), 2 hit(s), 0 error(s), 2 left on base; Boston 3 - Irvine 1 |
TOP OF THE 7TH |
Boston Rebels batting - Pitching for Irvine Gang Green : LHP Keith Swanson
|
Pitching: RHP Raúl Saltines
|
|
Batting: RHB Clancy Booker
|
0-0: Called Strike 0-1: Foul Ball, location: 2F 0-2: Strikes out swinging
|
Batting: RHB Felipe Olivas
|
0-0: Ball 1-0: Ball 2-0: Called Strike 2-1: Swinging Strike 2-2: Strikes out swinging
|
Batting: RHB Rubén Matos
|
0-0: Called Strike 0-1: Called Strike 0-2: Ball 1-2: SINGLE (Groundball, 4M)
|
Pitching: LHP Yu-shu Kong
|
|
Batting: LHB Tony Ramírez
|
0-0: Called Strike 0-1: SINGLE (Groundball, 6M) Rubén Matos to second
|
Pitching: RHP Joe Wilson
|
|
Batting: LHB Jeff Gordon
|
0-0: Ball 1-0: Foul Ball, location: 2F 1-1: Ball 2-1: Foul Ball, location: 2F 2-2: Foul Ball, location: 2F 2-2: Strikes out swinging
|
Top of the 7th over - 0 run(s), 2 hit(s), 0 error(s), 2 left on base; Boston 3 - Irvine 1 |
BOTTOM OF THE 7TH |
Irvine Gang Green batting - Pitching for Boston Rebels : LHP José Hidalgo
|
Pitching: RHP Dorian Hoskins
|
|
Batting: RHB Aaron Wilson
|
0-0: Ball 1-0: Fly out, F8 (Flyball, 8LM)
|
Batting: LHB Tom Baker
|
0-0: Foul Ball, location: 2F 0-1: Ground out 4-3 (Groundball, 4)
|
Batting: RHB Buck Jones
|
0-0: Ball 1-0: Ball 2-0: Ground out 4-3 (Groundball, 4)
|
Bottom of the 7th over - 0 run(s), 0 hit(s), 0 error(s), 0 left on base; Boston 3 - Irvine 1 |
TOP OF THE 8TH |
Boston Rebels batting - Pitching for Irvine Gang Green : RHP Joe Wilson
|
Batting: RHB Roberto Chávez
|
0-0: Called Strike 0-1: Ball 1-1: Ball 2-1: Ball 3-1: Swinging Strike 3-2: Base on Balls
|
Batting: LHB Lorenzo Flores
|
0-0: Called Strike 0-1: Ball 1-1: Called Strike 1-2: Ball 2-2: Fly out, F9 (Flyball, 89M)
|
Batting: SHB Javier Villegas
|
0-0: Called Strike 0-1: Ball 1-1: 2-RUN HOME RUN (Flyball, 89XD) (Inside the Park)
|
Batting: LHB Felipe Guerrero
|
0-0: Called Strike 0-1: Ground out 6-3 (Groundball, 6M)
|
Batting: RHB Clancy Booker
|
0-0: Swinging Strike 0-1: Ball 1-1: Ball 2-1: Fly out, F8 (Flyball, 8LM)
|
Top of the 8th over - 2 run(s), 1 hit(s), 0 error(s), 0 left on base; Boston 5 - Irvine 1 |
BOTTOM OF THE 8TH |
Irvine Gang Green batting - Pitching for Boston Rebels : RHP Dorian Hoskins
|
Batting: LHB Jorge Martínez
|
0-0: Ball 1-0: Ball 2-0: Foul Ball, location: 2F 2-1: Foul Ball, location: 2F 2-2: Fly out, F7 (Flyball, 7S)
|
Batting: RHB Manny Copriviza
|
0-0: DOUBLE (Line Drive, 9LM)
|
Batting: LHB Víctor Quiñones
|
0-0: Ball 1-0: Fly out, F8 (Flyball, 8RD) Runner from 2nd tags up, SAFE at 3rd, no throw
|
Batting: LHB Leonardo Medina
|
0-0: Ball 1-0: Ground out 4-3 (Groundball, 4)
|
Bottom of the 8th over - 0 run(s), 1 hit(s), 0 error(s), 1 left on base; Boston 5 - Irvine 1 |
TOP OF THE 9TH |
Boston Rebels batting - Pitching for Irvine Gang Green : RHP Joe Wilson
|
Pitching: RHP Mike Fisher
|
|
Batting: RHB Felipe Olivas
|
0-0: Foul Ball, location: 2F 0-1: Ball 1-1: Called Strike 1-2: Ball 2-2: Foul Ball, location: 2F 2-2: Strikes out swinging
|
Batting: RHB Rubén Matos
|
0-0: Ball 1-0: Foul Ball, location: 2F 1-1: Called Strike 1-2: Strikes out looking
|
Batting: LHB Tony Ramírez
|
0-0: Called Strike 0-1: Called Strike 0-2: Foul Ball, location: 2F 0-2: Ball 1-2: Strikes out swinging
|
Top of the 9th over - 0 run(s), 0 hit(s), 0 error(s), 0 left on base; Boston 5 - Irvine 1 |
BOTTOM OF THE 9TH |
Irvine Gang Green batting - Pitching for Boston Rebels : RHP Dorian Hoskins
|
Batting: RHB Tom Doherty
|
0-0: Called Strike 0-1: Ball 1-1: Ball 2-1: Reached on error, E5 (Groundball, 56)
|
Batting: RHB José Salazar
|
0-0: Foul Ball, location: 2F 0-1: Ball 1-1: Fly out, F7 (Line Drive, 7M)
|
Batting: RHB Aaron Wilson
|
0-0: Ball 1-0: Foul Ball, location: 2F 1-1: Called Strike 1-2: Foul Ball, location: 2F 1-2: DOUBLE (Line Drive, 5D) Tom Doherty to third
|
Pitching: RHP Tony Rocha
|
|
Batting: LHB Tom Baker
|
0-0: Called Strike 0-1: Ball 1-1: Ball 2-1: Foul Ball, location: 2F 2-2: Fly out, F8 (Flyball, 8LM) Runner from 3rd tags up, SCORES, throw made
|
Batting: RHB Buck Jones
|
0-0: Foul Ball, location: 2F 0-1: Ball 1-1: SINGLE (Groundball, 6M) Aaron Wilson to third Runner from 3rd tries for Home, SAFE, no throw or cutoff
|
Batting: LHB Jorge Martínez
|
0-0: Ball 1-0: Foul Ball, location: 2F 1-1: Ball 2-1: Foul Ball, location: 2F 2-2: Foul Ball, location: 2F 2-2: Ball 3-2: Fly out, F2 (Popup, 23F)
|
Bottom of the 9th over - 2 run(s), 2 hit(s), 1 error(s), 1 left on base; Boston 5 - Irvine 3 |
|